 Dungeon Crawl Stone Soup version 0.22-a0-282-gdd34a7d (webtiles) character file.

320604 RoseArtemis the Hoplite (level 20, -1/195 HPs)
             Began as a Minotaur Fighter on Mar 18, 2018.
             Was the Champion of Okawaru.
             Succumbed to a tengu reaver's poison gas
             ... on level 2 of the Depths.
             The game lasted 02:11:58 (36381 turns).

RoseArtemis the Hoplite (Minotaur Fighter)         Turns: 36381, Time: 02:11:59

Health: -1/195     AC: 32    Str: 23    XL:     20   Next: 62%
Magic:  34/34      EV: 20    Int:  6    God:    Okawaru [******]
Gold:   2902       SH: 30    Dex: 20    Spells: 19/19 levels left

rFire    + . .     SeeInvis .   a - +10 morningstar "Eos" {elec, Halo rElec}
rCold    . . .     Gourm    .   X - +2 large shield {reflect}
rNeg     . . .     Faith    .   s - +8 chain mail {rF+}
rPois    .         Spirit   .   H - +1 hat
rElec    +         Reflect  +   M - +1 cloak
rCorr    +         Harm     .   l - +2 pair of gloves
MR       ++...     NoCast   +   W - +2 pair of boots "Mulaul" {-Cast Regen+ MP+9 Stlth+}
Stlth    ..........             R - amulet of Compassion {Reflect Dex+4 SH+3}
HPRegen  0.82/turn              w - ring of protection from magic
MPRegen  0.24/turn              p - ring of resist corrosion

@: lethally poisoned (-1 -> -52), glowing
A: retaliatory headbutt, horns 2
}: 2/15 runes: barnacled, gossamer
a: Heroism, Finesse, Renounce Religion


You were on level 2 of the Depths.
You worshipped Okawaru.
Okawaru was exalted by your worship.
You were hungry.

You visited 8 branches of the dungeon, and saw 39 of its levels.

You collected 3292 gold pieces.
You spent 390 gold pieces at shops.

Inventory:

Hand Weapons
 a - the +10 morningstar "Eos" (weapon) {elec, Halo rElec}
   (You found it on level 8 of the Dungeon)

   Occasionally, upon striking a foe, it will discharge some electrical energy
   and cause terrible harm.
   It insulates you from electricity.
 b - the +9 demon whip of Radicalism {vamp, rPois Str+2}
   (Okawaru gifted it to you on level 4 of the Lair of Beasts)

   It inflicts no extra harm, but heals its wielder when it wounds a living foe.
   It affects your strength (+2).
   It protects you from poison.
Missiles
 G - 5 throwing nets (quivered)
Armour
 l - a +2 pair of gloves (worn)
 s - a +8 chain mail of fire resistance (worn)
 H - a +1 hat (worn)
 M - a +1 cloak (worn)
 W - the +2 pair of boots "Mulaul" (worn) {-Cast Regen+ MP+9 Stlth+}
   (Okawaru gifted it to you on level 5 of the Lair of Beasts)

   It affects your magic capacity (+9).
   It prevents spellcasting.
   It increases your rate of regeneration.
   It makes you more stealthy.
 X - a +2 large shield of reflection (worn)
Jewellery
 p - a ring of resist corrosion (right hand)
 w - a ring of protection from magic (left hand)
 z - a +3 ring of evasion
 R - the amulet of Compassion (around neck) {Reflect Dex+4 SH+3}
   (You found it on level 2 of the Lair of Beasts)

   [amulet of reflection]

   It shields you and reflects attacks.
   It affects your dexterity (+4).
   It affects your SH (+3).
Wands
 A - a wand of paralysis (64)
 C - a wand of digging (23)
 E - a wand of flame (52)
 I - a wand of iceblast (28)
 O - a wand of polymorph (16)
 P - a wand of clouds (6)
 T - a wand of disintegration (17)
Scrolls
 c - 2 scrolls of silence
 h - 6 scrolls of fog
 i - 26 scrolls of remove curse
 k - 4 scrolls of magic mapping
 n - 5 scrolls of fear
 o - a scroll of amnesia
 q - 7 scrolls of teleportation
 x - 6 scrolls of enchant weapon
 y - a scroll of holy word
 B - 3 scrolls of brand weapon
 Q - 2 scrolls of blinking
Potions
 d - 5 potions of might
 e - a potion of resistance
 j - 4 potions of lignification
 t - 6 potions of agility
 u - 5 potions of ambrosia
 v - 2 potions of magic
 F - 9 potions of flight
 K - 3 potions of berserk rage
 L - 5 potions of brilliance
 N - 6 potions of mutation
 S - 2 potions of cancellation
Comestibles
 f - 53 rations


   Skills:
 + Level 20.6 Fighting
 - Level 18.0 Maces & Flails
 - Level 14.3 Armour
 + Level 16.6 Dodging
 * Level 23.1 Shields
 - Level 8.0 Invocations


You had 19 spell levels left.
You didn't know any spells.

Dungeon Overview and Level Annotations

Branches:
Dungeon (15/15)            Temple (1/1) D:5            Lair (6/6) D:9
 Shoals (4/4) Lair:3       Spider (4/4) Lair:3          Orc (2/2) D:9
    Elf (0/3) Orc:2        Vaults (4/5) D:13          Crypt (0/3) Vaults:2
 Depths (3/5) D:15
  Slime: Lair:5-6

Altars:
Ashenzari
Cheibriados
Dithmenos
Elyvilon
Fedhas
Gozag
Hepliaklqana
Kikubaaqudgha
Makhleb
Nemelex Xobeh
Okawaru
Qazlal
Ru
Sif Muna
Trog
Uskayaw
Vehumet
Wu Jian
Xom
Yredelemnul
Zin
The Shining One
Beogh

Shops:
D:11 :[   Orc:1 (   Orc:2 (}*:   Shoals:2 (

Annotations:
Lair:5 exclusion: 2 oklob plants
Spider:3 Jorgrun
Vaults:1 exclusion: orange crystal statue


Innate Abilities, Weirdness & Mutations

You reflexively headbutt those who attack you in melee.
You have a pair of horns on your head.


Message History

You block the battleaxe of freezing's attack.
The tengu reaver is engulfed in poison gas.
The tengu reaver is poisoned.
You block the tengu reaver's attack.
You sock the battleaxe of freezing! You headbutt the battleaxe of freezing.
The battleaxe of freezing is almost destroyed.
You are engulfed in poison gas.
You are more poisoned.
* * * LOW HITPOINT WARNING * * *
x2 You feel very sick.
You block the battleaxe of freezing's attack.
You closely miss the battleaxe of freezing.
The battleaxe of freezing is severely damaged.
You are engulfed in poison gas.
You are more poisoned.
* * * LOW HITPOINT WARNING * * *
Your surroundings suddenly seem different.
* * * LOW HITPOINT WARNING * * *
You feel very sick.
Found an escape hatch in the floor.
You die...

#.!.#..8#. #...#
######.(Z## ...#
.#....)†.C. ...#
>.#%≈...≈...
...#...#.........
##.##...#####...#'
##......... #...#.
#.......... #.#.#.
#@........ #.%.#
#####...#####.#'
#...#...'...
#...'.≈.#
#yC.#...'...
##.##...##### #
#...........
#.#...#.......#
#..T#....8....8.


There were no monsters in sight!

Vanquished Creatures
  Mennas (Vaults:2)
  Boris (Vaults:4)
  Sojobo (Vaults:4)
  Bai Suzhen (Spider:3)
  Margery (Vaults:3)
  Nikola (Spider:1)
  A lich (Vaults:4)
  A sphinx (Vaults:3)
  7 tengu reavers (Vaults:4)
  Agnes (D:14)
  Ilsuiw (Shoals:4)
  An emperor scorpion (Spider:4)
  2 fire giants
  Roxanne (Shoals:3)
  2 deep elf sorcerers (Vaults:3)
  An orc warlord (Orc:2)
  Aizul (Shoals:3)
  6 ghost moths (Spider:4)
  9 vault wardens
  3 ironheart preservers
  9 very ugly things
  The ghost of Amnesiac the Covert, a journeyman DEEn of Ashenzari (Orc:2)
  An entropy weaver (Spider:3)
  4 stone giants
  2 deep elf annihilators
  4 spark wasps (Spider:4)
  A deep elf death mage (Vaults:2)
  2 merfolk javelineers (Shoals:4)
  A crystal guardian (Vaults:4)
  5 ettins
  4 fire dragons
  11 merfolk impalers
  Fannar (Orc:1)
  A great orb of eyes (Depths:3)
  The ghost of RoseArtemis the Basher, a journeyman MiFi of Makhleb (Lair:1)
  Erolcha (D:12)
  4 vault guards (D:13)
  4 yaktaur captains
  12 hydras
  Harold (Lair:1)
  An ice dragon (Vaults:1)
  2 merfolk avatars
  6 centaur warriors
  6 merfolk aquamancers
  2 alligator snapping turtles (Shoals:4)
  2 death knights
  A catoblepas (Shoals:2)
  4 satyrs
  3 ogre magi
  14 two-headed ogres
  2 deep troll shamans
  12 death yaks
  2 deep troll earth magi (Depths:2)
  4 orc high priests (Orc:2)
  The ghost of Amnesiac the Destroyer, a journeyman TeWz of Sif Muna (Orc:1)
  A storm dragon zombie (Vaults:4)
  5 tengu warriors
  4 hell knights (Vaults:3)
  Nergalle (Lair:1)
  4 deep elf knights
  A shadow wraith (Vaults:4)
  An iron troll (shapeshifter) (Depths:2)
  8 skeletal warriors
  8 deep trolls
  4 unseen horrors
  4 iron trolls (Depths:1)
  A glowing orange brain (Depths:3)
  3 flayed ghosts
  2 deep elf archers
  2 phantasmal warriors
  12 sea snakes
  7 deep elf magi
  7 necromancers
  3 wizards
  13 orc knights
  14 ironbrand convokers
  11 ugly things
  31 wolf spiders
  12 harpies
  7 orb spiders
  5 orc sorcerers
  An oklob plant (Lair:6)
  5 manticores
  4 cyclopes
  2 moths of wrath
  21 slime creatures
  11 fauns
  10 elephants
  5 water nymphs
  3 merfolk sirens (Shoals:4)
  8 vault sentinels
  Psyche (D:8)
  3 torpor snails
  3 black mambas (Lair:6)
  2 gargoyles
  5 rime drakes
  6 komodo dragons
  7 spiny frogs
  11 demonic crawlers
  5 freezing wraiths
  2 spriggan zombies (D:15)
  An efreet (D:14)
  A yaktaur zombie (Vaults:4)
  19 yaktaurs
  6 meliai
  A queen bee (shapeshifter) (Vaults:2)
  2 tengu conjurers (D:15)
  6 polar bears
  11 trolls
  29 merfolk
  39 jumping spiders
  Grinder (D:4)
  3 wind drakes
  14 hornets
  A harpy skeleton (D:14)
  11 blink frogs
  A queen bee (Spider:3)
  4 snapping turtles
  An ettin zombie (D:15)
  8 dream sheep (Lair:6)
  7 hippogriffs
  A frost giant simulacrum (Vaults:4)
  The ghost of Amnesiac the Ducker, an amateur TeWz (D:4)
  A spriggan skeleton (D:15)
  A vampire (D:12)
  12 water elementals
  71 redbacks
  A shadow (D:13)
  An orc simulacrum (Vaults:3)
  33 yaks
  12 spriggans
  36 tarantellas
  2 wyverns
  Eustachio (D:5)
  A hog (shapeshifter) (Vaults:4)
  18 humans (D:13)
  A human (shapeshifter) (Vaults:4)
  9 basilisks
  A golden eye (shapeshifter) (Vaults:3)
  2 hungry ghosts
  5 vampire mosquitoes (D:15)
  Menkaure (D:4)
  A steam dragon (D:7)
  10 swamp worms (Spider:2)
  5 wargs
  An acid dragon (Vaults:2)
  18 water moccasins
  5 black bears
  55 orc warriors
  8 porcupines
  4 phantoms
  5 ice beasts
  An elf zombie (Vaults:4)
  3 sky beasts
  A necrophage (D:9)
  2 eyes of draining
  28 ogres
  11 boggarts
  26 wolves
  13 centaurs
  A human skeleton (Vaults:3)
  20 crocodiles
  A big kobold (D:8)
  A gnoll sergeant (Orc:1)
  19 bullfrogs
  A glowing shapeshifter simulacrum (Vaults:3)
  3 scorpions
  A wyvern skeleton (D:13)
  16 killer bees (Spider:3)
  3 electric eels
  A howler monkey (D:11)
  2 centaur zombies
  2 quasits
  5 crimson imps
  3 hounds
  3 bullfrog skeletons
  5 jellies
  42 orc priests
  5 gnoll shamans (D:5)
  3 centaur skeletons
  Ijyb (D:5)
  Jessica (D:3)
  Natasha (thrice) (D:3)
  6 iguanas
  25 orc wizards
  5 hell rats (Lair:6)
  14 worker ants
  2 hound zombies (D:5)
  2 worker ant zombies
  38 gnolls (D:5)
  7 adders
  6 shadow imps
  An adder skeleton (D:7)
  15 worms
  12 leopard geckos
  137 orcs
  4 ball pythons
  6 giant cockroaches
  5 goblins
  6 hobgoblins
  31 jackals
  13 kobolds
  6 quokkas
  5 bats
  8 frilled lizards
  A leopard gecko skeleton (D:6)
  12 rats
  4 plants
  A tentacle (Shoals:4)
1549 creatures vanquished.

Vanquished Creatures (others)
  Asterion (Vaults:1)
  3 merfolk javelineers (Shoals:4)
  A yaktaur captain (Vaults:4)
  A centaur warrior (Depths:2)
  3 satyrs
  A deep elf archer (Vaults:2)
  A deep elf mage (Vaults:2)
  2 fauns (Shoals:2)
  A cyclops (D:14)
  A manticore (Shoals:1)
  2 vault sentinels (Vaults:3)
  8 yaktaurs
  A sky beast (D:12)
  An orc warrior (Orc:2)
  An eye of draining (D:12)
  A boggart (Vaults:1)
  4 centaurs
  4 orcs
  A fungus (Lair:5)
  7 plants
  18 tentacles (Shoals:4)
  A withered plant (Shoals:2)
64 creatures vanquished.

Grand Total: 1613 creatures vanquished

Notes
Turn   | Place    | Note
-------+----------+-------------------------------------------
     0 | D:1      | RoseArtemis the Minotaur Fighter began the quest for the Orb.
     0 | D:1      | Reached XP level 1. HP: 19/19 MP: 0/0
   174 | D:1      | Reached XP level 2. HP: 27/27 MP: 1/1
   555 | D:1      | Reached skill level 4 in Shields
   555 | D:1      | Reached XP level 3. HP: 33/33 MP: 2/2
  1317 | D:2      | Found an iron altar of Okawaru.
  1324 | D:2      | Became a worshipper of Warmaster Okawaru
  1574 | D:3      | Noticed Natasha
  1584 | D:3      | Killed Natasha
  1584 | D:3      | Reached XP level 4. HP: 38/40 MP: 3/3
  1959 | D:3      | Noticed Jessica
  1969 | D:3      | Killed Jessica
  1969 | D:3      | Reached XP level 5. HP: 45/47 MP: 4/4
  2056 | D:3      | Noticed Natasha
  2064 | D:3      | Killed Natasha
  2171 | D:3      | Noticed Natasha
  2189 | D:3      | Killed Natasha
  2189 | D:3      | Reached * piety under Okawaru
  2348 | D:4      | Reached skill level 5 in Maces & Flails
  2403 | D:4      | Reached XP level 6. HP: 51/55 MP: 5/5
  2438 | D:4      | Reached skill level 5 in Shields
  2440 | D:4      | Noticed Menkaure
  2446 | D:4      | Killed Menkaure
  2446 | D:4      | Reached skill level 5 in Fighting
  2446 | D:4      | Reached skill level 5 in Armour
  2463 | D:4      | Reached ** piety under Okawaru
  2574 | D:4      | Reached XP level 7. HP: 55/61 MP: 6/6
  2655 | D:4      | Noticed Grinder
  2669 | D:4      | Killed Grinder
  2785 | D:4      | Reached skill level 6 in Shields
  2914 | D:4      | Noticed Amnesiac's ghost (amateur TeWz)
  2925 | D:4      | Killed Amnesiac's ghost
  2925 | D:4      | Reached *** piety under Okawaru
  2925 | D:4      | Reached XP level 8. HP: 63/70 MP: 7/7
  3222 | D:5      | Entered Level 5 of the Dungeon
  3398 | D:5      | Noticed Ijyb
  3399 | D:5      | Found an opulent altar of Gozag.
  3399 | D:5      | Paralysed by Ijyb for 6 turns
  3408 | D:5      | Paralysed by Ijyb for 5 turns
  3414 | D:5      | Paralysed by Ijyb for 3 turns
  3432 | D:5      | Killed Ijyb
  3523 | D:5      | Found a sacrificial altar of Ru.
  3612 | D:5      | Found a staircase to the Ecumenical Temple.
  3617 | Temple   | Entered the Ecumenical Temple
  3962 | D:5      | Noticed Eustachio
  4000 | D:5      | Killed Eustachio
  4283 | D:5      | Reached skill level 7 in Shields
  4416 | D:5      | Reached **** piety under Okawaru
  4456 | D:5      | Received a gift from Okawaru
  4456 | D:5      | Reached XP level 9. HP: 30/79 MP: 8/8
  4807 | D:6      | Found a hazy altar of Hepliaklqana.
  4937 | D:6      | Found a bloodstained altar of Trog.
  5575 | D:7      | Reached skill level 10 in Maces & Flails
  5595 | D:7      | Reached skill level 8 in Shields
  5805 | D:7      | Found a deep blue altar of Sif Muna.
  5806 | D:7      | Found a shimmering altar of Xom.
  6423 | D:8      | Noticed a two-headed ogre
  6437 | D:8      | Killed a two-headed ogre
  6437 | D:8      | Reached ***** piety under Okawaru
  6437 | D:8      | Reached XP level 10. HP: 74/90 MP: 8/10
  6606 | D:8      | Noticed Psyche
  6618 | D:8      | Killed Psyche
  6636 | D:8      | Found the +10 morningstar "Eos" {elec, Halo rElec}
  6979 | D:9      | Found a staircase to the Orcish Mines.
  7021 | D:9      | Received a gift from Okawaru
  7100 | D:9      | Found a staircase to the Lair.
  7175 | D:9      | Found a roughly hewn altar of Beogh.
  7445 | D:10     | Entered Level 10 of the Dungeon
  7474 | D:10     | Received a gift from Okawaru
  7883 | D:10     | Reached XP level 11. HP: 99/99 MP: 13/13
  8150 | Lair:1   | Entered Level 1 of the Lair of Beasts
  8204 | Lair:1   | Noticed Harold
  8219 | Lair:1   | Killed Harold
  8319 | Lair:1   | Reached skill level 10 in Armour
  8393 | Lair:1   | Reached skill level 10 in Fighting
  8507 | Lair:1   | Noticed RoseArtemis's ghost (journeyman MiFi)
  8516 | Lair:1   | Killed RoseArtemis's ghost
  8516 | Lair:1   | Reached skill level 5 in Invocations
  8575 | Lair:1   | Received a gift from Okawaru
  8653 | Lair:1   | Noticed Nergalle
  8660 | Lair:1   | Killed Nergalle
  8660 | Lair:1   | Received a gift from Okawaru
  8661 | Lair:1   | Found the +7 longbow "Piercer" {penet, EV-2}
  9170 | Lair:2   | Reached ****** piety under Okawaru
  9304 | Lair:2   | Got a fine crystal amulet
  9305 | Lair:2   | Identified the amulet of Compassion {Reflect Dex+4 SH+3} (You found it on level 2 of the Lair of Beasts)
  9581 | Lair:2   | Noticed a lindwurm
  9596 | Lair:2   | Noticed a lindwurm
  9596 | Lair:2   | Noticed a lindwurm
  9602 | Lair:2   | Noticed a lindwurm
 10048 | Lair:3   | Reached XP level 12. HP: 76/108 MP: 16/16
 10197 | Lair:3   | Found a hole to the Spider Nest.
 10227 | Lair:3   | Received a gift from Okawaru
 10396 | Lair:3   | Found a staircase to the Shoals.
 11015 | Lair:4   | Noticed a seven-headed hydra
 11022 | Lair:4   | Killed a seven-headed hydra
 11094 | Lair:4   | Reached skill level 15 in Maces & Flails
 11390 | Lair:4   | Noticed a four-headed hydra
 11395 | Lair:4   | Killed a four-headed hydra
 11395 | Lair:4   | Received a gift from Okawaru
 11401 | Lair:4   | Got a shimmering demon whip {god gift}
 11402 | Lair:4   | Identified the +9 demon whip of Radicalism {vamp, rPois Str+2} (Okawaru gifted it to you on level 4 of the Lair of Beasts)
 11552 | Lair:5   | Got a bloodstained hand axe
 11594 | Lair:5   | Identified the +5 hand axe of the Undead {venom, Str+8 Int-3 Dex+5} (You found it on level 5 of the Lair of Beasts)
 11601 | Lair:5   | Noticed a four-headed hydra
 11608 | Lair:5   | Killed a four-headed hydra
 11648 | Lair:5   | Noticed an eight-headed hydra
 11653 | Lair:5   | Killed an eight-headed hydra
 11947 | Lair:5   | Found a labyrinth entrance.
 11951 | Lair:5   | Noticed a death yak
 11952 | Lair:5   | Noticed a death yak
 11952 | Lair:5   | Noticed a death yak
 11953 | Lair:5   | Noticed a death yak
 11953 | Lair:5   | Noticed a death yak
 11953 | Lair:5   | Noticed a death yak
 11966 | Lair:5   | Killed a death yak
 11966 | Lair:5   | Reached skill level 1 in Dodging
 11969 | Lair:5   | Killed a death yak
 11969 | Lair:5   | Received a gift from Okawaru
 11969 | Lair:5   | Reached XP level 13. HP: 104/118 MP: 15/18
 12450 | Lair:6   | Entered Level 6 of the Lair of Beasts
 12491 | Lair:5   | Received a gift from Okawaru
 12497 | Lair:5   | Got a pair of dazzling boots {god gift}
 12505 | Lair:5   | Identified the +2 pair of boots "Mulaul" {-Cast Regen+ MP+9 Stlth+} (Okawaru gifted it to you on level 5 of the Lair of Beasts)
 12916 | Lair:6   | Reached skill level 5 in Dodging
 13043 | Lair:6   | Reached XP level 14. HP: 116/129 MP: 19/19
 13100 | Lair:6   | Received a gift from Okawaru
 14376 | D:11     | Found Catueff's Book Emporium.
 14717 | D:11     | Found Luhud's Antique Armour Shop.
 15150 | D:12     | Reached skill level 9 in Shields
 15379 | D:12     | Noticed Erolcha
 15384 | D:12     | Killed Erolcha
 15729 | Orc:1    | Entered Level 1 of the Orcish Mines
 15739 | Orc:1    | Noticed Amnesiac's ghost (journeyman TeWz)
 15760 | Orc:1    | Killed Amnesiac's ghost
 15971 | Orc:1    | Found Taso's Weapon Boutique.
 16144 | Orc:1    | Received a gift from Okawaru
 16172 | Orc:1    | Noticed Fannar
 16186 | Orc:1    | Killed Fannar
 16363 | Orc:2    | Entered Level 2 of the Orcish Mines
 16667 | Orc:2    | Reached skill level 10 in Shields
 16762 | Orc:2    | Found a roughly hewn altar of Beogh.
 16899 | Orc:2    | Found Ovvufaom's Weapon Boutique.
 16919 | Orc:2    | Found Pavivvup's Gadget Shop.
 16928 | Orc:2    | Received a gift from Okawaru
 16937 | Orc:2    | Bought a wand of digging (8) for 360 gold pieces
 16956 | Orc:2    | Reached XP level 15. HP: 139/139 MP: 20/20
 17105 | Orc:2    | Paralysed by an orc sorcerer for 4 turns
 17115 | Orc:2    | Noticed Amnesiac's ghost (journeyman DEEn)
 17152 | Orc:2    | Killed Amnesiac's ghost
 17305 | Orc:2    | Found a staircase to the Elven Halls.
 17608 | Orc:2    | Noticed an orc warlord
 17648 | Orc:2    | Killed an orc warlord
 17648 | Orc:2    | Reached skill level 11 in Shields
 17808 | Orc:2    | Found a roughly hewn altar of Beogh.
 17833 | Orc:2    | Found Gonemoxt's General Store.
 17849 | Orc:2    | Bought a scroll of identify for 30 gold pieces
 17877 | Orc:2    | Found Zinkaf's Book Boutique.
 17973 | Orc:2    | Received a gift from Okawaru
 18303 | D:13     | Reached skill level 15 in Fighting
 18335 | D:13     | Reached skill level 12 in Shields
 18354 | D:13     | Found a gate to the Vaults.
 18410 | D:13     | Received a gift from Okawaru
 18417 | D:13     | Got a dazzling demon whip {god gift}
 18418 | D:13     | Identified the +3 demon whip of Egomania {drain, rN+ Int+2 Dex+4} (Okawaru gifted it to you on level 13 of the Dungeon)
 19070 | D:14     | Identified 2 scrolls of acquirement
 19208 | D:14     | Reached skill level 13 in Shields
 19262 | D:14     | Received a gift from Okawaru
 19268 | D:14     | Reached skill level 10 in Dodging
 19273 | D:14     | Got a scorched flail {god gift}
 19274 | D:14     | Identified the +6 flail of Beyond {venom, +Inv Int+7} (Okawaru gifted it to you on level 14 of the Dungeon)
 19307 | D:14     | Noticed Agnes
 19315 | D:14     | Killed Agnes
 19727 | D:14     | Found a deep blue altar of Sif Muna.
 19863 | D:15     | Entered Level 15 of the Dungeon
 19904 | D:15     | Found a staircase to the Depths.
 20207 | D:15     | Reached XP level 16. HP: 150/150 MP: 21/21
 20556 | D:15     | Received a gift from Okawaru
 20654 | D:15     | Reached skill level 14 in Shields
 20945 | Lair:3   | Got a crude shield
 20956 | Lair:3   | Identified the +3 shield of Higoidar {+Blink Regen+ Dex-5} (You acquired it on level 3 of the Lair of Beasts)
 20968 | Spider:1 | Entered Level 1 of the Spider Nest
 21467 | Spider:1 | Noticed Nikola
 21484 | Spider:1 | Killed Nikola
 21742 | Spider:2 | Received a gift from Okawaru
 22069 | Spider:2 | Reached skill level 15 in Shields
 22959 | Spider:3 | Received a gift from Okawaru
 23403 | Spider:3 | Noticed Bai Suzhen
 23415 | Spider:3 | Killed Bai Suzhen
 23415 | Spider:3 | Received a gift from Okawaru
 23415 | Spider:3 | Reached skill level 16 in Shields
 23477 | Spider:3 | Noticed Jorgrun
 23677 | Spider:4 | Entered Level 4 of the Spider Nest
 23942 | Spider:4 | Reached XP level 17. HP: 159/160 MP: 1/22
 24039 | Spider:4 | Paralysed by a hornet for 2 turns
 24417 | Spider:4 | Reached skill level 17 in Shields
 24515 | Spider:4 | Received a gift from Okawaru
 24944 | Spider:4 | Got a gossamer rune of Zot
 25183 | Shoals:1 | Entered Level 1 of the Shoals
 25906 | Shoals:2 | Reached skill level 18 in Shields
 26480 | Shoals:2 | Found Eddugaq's Antique Weapon Emporium.
 26569 | Shoals:3 | Noticed Roxanne
 26588 | Shoals:3 | Killed Roxanne
 26589 | Shoals:3 | Identified Roxanne's Collected Works on Stones (You took it off Roxanne on level 3 of the Shoals)
 26742 | Shoals:3 | Noticed Aizul
 26755 | Shoals:3 | Killed Aizul
 27258 | Shoals:4 | Entered Level 4 of the Shoals
 27279 | Shoals:4 | Reached XP level 18. HP: 108/172 MP: 23/23
 27282 | Shoals:4 | Received a gift from Okawaru
 27290 | Shoals:4 | Got a pitted great mace {god gift}
 28093 | Shoals:4 | Reached skill level 19 in Shields
 28542 | Shoals:4 | Received a gift from Okawaru
 28763 | Shoals:4 | Got a barnacled rune of Zot
 28849 | Shoals:4 | Noticed Ilsuiw
 28886 | Shoals:4 | Killed Ilsuiw
 29695 | Vaults:1 | Entered Level 1 of the Vaults
 29708 | Vaults:1 | Noticed Asterion
 29732 | Vaults:1 | Killed Asterion
 30222 | Vaults:1 | Reached skill level 20 in Shields
 30321 | Vaults:1 | Received a gift from Okawaru
 30622 | Vaults:1 | Got a shimmering scale mail
 30623 | Vaults:1 | Identified the +1 great mace of the Forest {freeze, rPois Int+2} (Okawaru gifted it to you on level 4 of the Shoals)
 30624 | Vaults:1 | Identified the cursed +0 scale mail of Wrong Decisions {Slay+2 Stlth+} (You found it on level 1 of the Vaults)
 31522 | Vaults:2 | Reached XP level 19. HP: 173/182 MP: 24/24
 31749 | Vaults:2 | Found a staircase to the Crypt.
 32057 | Vaults:3 | Received a gift from Okawaru
 32070 | Vaults:3 | Noticed Mennas
 32538 | Vaults:3 | Reached skill level 15 in Dodging
 32707 | Vaults:3 | Paralysed by a sphinx for 6 turns
 32748 | Vaults:3 | Reached skill level 21 in Shields
 32869 | Vaults:3 | Noticed Margery
 32896 | Vaults:3 | Killed Margery
 32896 | Vaults:3 | Received a gift from Okawaru
 33663 | Vaults:4 | Found an ornate altar of the Wu Jian Council.
 33682 | Vaults:4 | Noticed Boris
 33696 | Vaults:4 | Killed Boris
 33696 | Vaults:4 | Received a gift from Okawaru
 33697 | Vaults:4 | Noticed Sojobo
 33722 | Vaults:4 | Killed Sojobo
 34311 | Vaults:4 | Reached skill level 22 in Shields
 34358 | Vaults:4 | Received a gift from Okawaru
 34370 | Vaults:4 | Reached XP level 20. HP: 178/193 MP: 25/25
 34851 | Vaults:4 | Identified the Reference Book on the Unstable Entourage
 35254 | Vaults:2 | Killed Mennas
 35519 | Depths:1 | Entered Level 1 of the Depths
 35731 | Depths:1 | You fall through a shaft!
 35785 | Depths:2 | Noticed an ancient lich
 35808 | Depths:3 | Received a gift from Okawaru
 36078 | Depths:3 | Reached skill level 23 in Shields
 36380 | Depths:2 | HP: 8/195 [tengu reaver] (7)]
 36381 | Depths:2 | Succumbed to a tengu reaver's poison gas

Vault maps used:
D:1:      minmay_arrival_five_plusses
D:2:      okawaru_ov_weapons_minmay
D:3:      serial_forest, infiniplex_forest_clump_curved,
          infiniplex_forest_lined_3_way, infiniplex_forest_straight_3,
          infiniplex_forest_clump_double, infiniplex_forest_lined_3,
          infiniplex_forest_3_way, minmay_door_square, uniq_jessica,
          uniq_natasha
D:4:      uniq_grinder, uniq_menkaure
D:5:      lemuel_castle_with_subvaults, grunt_gozag_breadcrumbs,
          overflow_temple_1_default, temple_doors_e, first_ration,
          uniq_eustachio, uniq_ijyb
D:6:      lemuel_crystal_altar, old_standard_altar, serial_bayou_lagoon_a
D:7:      minitemple
D:8:      uniq_psyche
D:9:      lair_entry_dummy, minmay_orc_entry_temple_small, the_bakery
D:11:     serial_shops, shop_coins, nicolae_shop_overgrown_old_shop
D:12:     minmay_radiant, uniq_erolcha
D:13:     grunt_vaults_entry_tiered, grunt_ministairs_9, minmay_statues_item
D:14:     lemuel_blue_sif_altar, uniq_agnes
D:15:     gammafunk_depths_entry_grave, serial_glass, glass_columns_a,
          glass_columns_c
Temple:   eino_temple_rhombus
Lair:1:   uniq_harold, uniq_nergalle
Lair:2:   minmay_lindwurm_lava
Lair:3:   elwin_shoals_entry_rooms, nicolae_spider_entry_non_spiders,
          minivault_24, columned_hall_lemuel
Lair:4:   infiniplex_staircase_pool_2, grunt_megastairs_3
Lair:5:   minmay_slime_entry_oklob_enclosed, lab_entry_generic,
          minmay_lair_oklob_chamber
Lair:6:   minmay_lair_end_enchanted_forest, wad_woods_river_01
Shoals:2: cheibrodos_shoals_satyrical_garden, serial_shops, shop,
          argonaut_gorgonesque
Shoals:3: uniq_aizul, uniq_roxanne
Shoals:4: shoals_end_simple, shoals_ilsuiw_ice
Spider:1: uniq_nikola
Spider:2: worms_lemuel
Spider:3: special_room, guppyfry_spider_mini_2, uniq_jorgrun, uniq_bai_suzhen
Spider:4: grunt_spider_rune_parallel, spider_trap
Orc:1:    serial_shops, shop_statue, sword_in_stone, uniq_fannar
Orc:2:    pubby_orc_utopia
Vaults:1: v_misc_8, v_misc_3, v_misc_23, nicolae_vaults_statue_guard,
          grunt_vaults_funnel, ontoclasm_vaults_tryst, v_misc_5,
          nicolae_vaults_diagonal_hallway_8, ontoclasm_vaults_misaligned,
          uniq_asterion
Vaults:2: nicolae_vaults_hallways_thing, ontoclasm_vaults_gateway,
          hangedman_vaults_variations, hangedman_vaults_capsules
Vaults:3: v_misc_29, grunt_vaults_hallway_long, hangedman_vaults_cutoff,
          vaults_room_door_hall, v_misc_26, nicolae_vaults_three_branches,
          nicolae_vaults_mini_display_case, st_cells,
          nicolae_vaults_circle_grid_b, ontoclasm_vaults_ring_small,
          nicolae_vaults_little_squares_4, uniq_margery, uniq_mennas
Vaults:4: vaults_dpeg_cross, st_cells, vaults_room_hallway,
          ontoclasm_vaults_chip, nicolae_vaults_specimen_jars,
          nicolae_vaults_little_ls, basic_altar, uniq_sojobo, uniq_boris
Depths:1: pf_coc_iceberg, serial_sigils_hangedman_writhe, st_stairs_4,
          lightli_minifort
Depths:2: hangedman_crystal_crosses_colossus, abyss_entry, hell_entry
Depths:3: cheibrodos_spurs, hell_entry, rand_demon_pan_entry_5,
          minmay_misc_feat_iff, uniq_enchantress

Skill      XL: |  1  2  3  4  5  6  7  8  9 10 11 12 13 14 15 16 17 18 19 20 |
---------------+-------------------------------------------------------------+-----
Maces & Flails | 3 4 5 6 7 9 11 12 14 15 17 18 | 18.0
Shields        | 4 5 6 7 8 10 13 16 18 20 22 23 | 23.1
Fighting       | 4 5 6 7 8 9 10 12 13 14 15 16 18 19 20 | 20.6
Armour         | 4 5 6 7 8 9 10 12 13 14 | 14.3
Invocations    | 2 4 7 8 |  8.0
Dodging        | 1 5 8 10 12 13 14 15 16 | 16.6

Action                   |  1- 3 |  4- 6 |  7- 9 | 10-12 | 13-15 | 16-18 | 19-21 || total
-------------------------+-------+-------+-------+-------+-------+-------+-------++-------
Melee: Flail             |   122 |   156 |   445 |    22 |       |       |       ||   745
       Headbutt          |    11 |    30 |    94 |    84 |   241 |   426 |   236 ||  1122
       Morningstar       |       |       |       |   388 |  1154 |  1059 |   762 ||  3363
       Demon whip        |       |       |       |       |       |   651 |       ||   651
Throw: Throwing net      |       |       |       |     2 |       |       |       ||     2
Invok: Heroism           |       |       |     2 |     1 |     4 |     6 |     5 ||    18
       Finesse           |       |       |       |       |     3 |     6 |     3 ||    12
  Use: Scroll            |       |     7 |     4 |    13 |     7 |    24 |    15 ||    70
       Potion            |       |       |     4 |     1 |       |    12 |    10 ||    27
 Stab: Petrified         |       |       |       |       |       |     2 |       ||     2
  Eat: Chunk             |     2 |     4 |     9 |    18 |    24 |    26 |     9 ||    92
       Ration            |       |       |     1 |       |     1 |     5 |     2 ||     9
Armor: Scale mail        |    48 |    47 |   169 |    40 |       |       |       ||   304
       Plate armour      |       |       |       |   109 |   258 |       |       ||   367
       Chain mail        |       |       |       |       |    26 |   571 |   198 ||   795
Dodge: Dodged            |    33 |    46 |   141 |   109 |   274 |   742 |   271 ||  1616
Block: Shield            |    62 |    67 |   251 |   230 |   172 |       |       ||   782
       Reflection        |       |       |       |     4 |    60 |   146 |    63 ||   273
       Large shield      |       |       |       |       |   817 |  2258 |   866 ||  3941

Table legend:
 A = Spawn XP
 B = Non-spawn XP
 C = Spawn XP percentage of total XP
 D = Spawn monster count
 E = Non-spawn monster count
 F = Spawn count percentage of total count
 G = Total turns spent on level
                    A         B        C        D         E        F      G
               +---------+---------+-------+---------+---------+-------+---------
         Total |       0 |  544012 |   0.0 |       0 |    1579 |   0.0 | 36381
               +---------+---------+-------+---------+---------+-------+---------
           D:1 |       0 |      43 |   0.0 |       0 |      26 |   0.0 |   681
           D:2 |       0 |      50 |   0.0 |       0 |      21 |   0.0 |   893
           D:3 |       0 |     220 |   0.0 |       0 |      35 |   0.0 |   767
           D:4 |       0 |    1195 |   0.0 |       0 |      29 |   0.0 |   881
           D:5 |       0 |    1486 |   0.0 |       0 |      70 |   0.0 |  1464
           D:6 |       0 |     425 |   0.0 |       0 |      19 |   0.0 |   642
           D:7 |       0 |    1219 |   0.0 |       0 |      21 |   0.0 |   754
           D:8 |       0 |    2224 |   0.0 |       0 |      16 |   0.0 |   601
           D:9 |       0 |    1041 |   0.0 |       0 |      15 |   0.0 |   791
          D:10 |       0 |    3149 |   0.0 |       0 |      33 |   0.0 |   788
          D:11 |       0 |    6529 |   0.0 |       0 |      35 |   0.0 |   802
          D:12 |       0 |   10794 |   0.0 |       0 |      30 |   0.0 |   718
          D:13 |       0 |   22707 |   0.0 |       0 |      78 |   0.0 |  1119
          D:14 |       0 |   10251 |   0.0 |       0 |      29 |   0.0 |   812
          D:15 |       0 |   13748 |   0.0 |       0 |      38 |   0.0 |   981
        Lair:1 |       0 |    4480 |   0.0 |       0 |      16 |   0.0 |   931
        Lair:2 |       0 |    3702 |   0.0 |       0 |      19 |   0.0 |  1003
        Lair:3 |       0 |    7022 |   0.0 |       0 |      33 |   0.0 |  1064
        Lair:4 |       0 |    5205 |   0.0 |       0 |      19 |   0.0 |   741
        Lair:5 |       0 |   14023 |   0.0 |       0 |      33 |   0.0 |   994
        Lair:6 |       0 |   27118 |   0.0 |       0 |      99 |   0.0 |  1642
      Shoals:1 |       0 |   10520 |   0.0 |       0 |      18 |   0.0 |   627
      Shoals:2 |       0 |   17460 |   0.0 |       0 |      36 |   0.0 |   813
      Shoals:3 |       0 |   11891 |   0.0 |       0 |      18 |   0.0 |   715
      Shoals:4 |       0 |   41101 |   0.0 |       0 |      64 |   0.0 |  2149
      Spider:1 |       0 |   15520 |   0.0 |       0 |      42 |   0.0 |   915
      Spider:2 |       0 |   14600 |   0.0 |       0 |      62 |   0.0 |   897
      Spider:3 |       0 |   18742 |   0.0 |       0 |      55 |   0.0 |   938
      Spider:4 |       0 |   43729 |   0.0 |       0 |      97 |   0.0 |  1381
         Orc:1 |       0 |    6489 |   0.0 |       0 |      56 |   0.0 |   644
         Orc:2 |       0 |   20191 |   0.0 |       0 |     153 |   0.0 |  1729
      Vaults:1 |       0 |   28799 |   0.0 |       0 |      50 |   0.0 |  1378
      Vaults:2 |       0 |   25134 |   0.0 |       0 |      29 |   0.0 |  1363
      Vaults:3 |       0 |   44646 |   0.0 |       0 |      70 |   0.0 |  1336
      Vaults:4 |       0 |   76022 |   0.0 |       0 |      82 |   0.0 |  1520
      Depths:1 |       0 |    6250 |   0.0 |       0 |       8 |   0.0 |   136
      Depths:2 |       0 |    8523 |   0.0 |       0 |       8 |   0.0 |    81
      Depths:3 |       0 |   17764 |   0.0 |       0 |      17 |   0.0 |   569
               +---------+---------+-------+---------+---------+-------+---------
